 Dungeon Crawl Stone Soup version 0.29.1-1-gd02db6906a (webtiles) character file.

Game seed: 5664357231842100662

75 jimonade the Magician (level 4, 0/31 HPs)
             Began as a Djinni Summoner on Sept 18, 2022.
             Slain by Grinder (7 damage)
             ... on level 3 of the Dungeon.
             The game lasted 00:05:42 (3182 turns).

jimonade the Magician (Djinni Summoner)             Turns: 3182, Time: 00:05:43

Health: 0/31       AC:  3    Str:  7    XL:     4   Next: 55%
Gold:   109        EV: 12    Int: 24    God:
                   SH:  0    Dex: 14

rFire   + + +      SeeInvis .   j - +0 spear
rCold   . . .      Faith    .   (no shield)
rNeg    . . .      Spirit   .   h - +0 robe {rC+ rF+}
rPois   ∞          Reflect  .   (no helmet)
rElec   .          Harm     .   g - +0 cloak
rCorr   .          Rampage  .   (no gloves)
Will    .....                   (boots unavailable)
Stlth   ++........              (no amulet)
HPRegen 0.10/turn               x - +6 ring of intelligence
MPRegen 0.00/turn               (no ring)

@: flying
A: sickness immunity, fire resistance 2, cold vulnerability 1, float, innate
caster, HP casting, extra vitality 1
a: no special abilities


You were on level 3 of the Dungeon.
You visited 1 branch of the dungeon, and saw 3 of its levels.

You collected 109 gold pieces.

Inventory:

Hand Weapons
 a - a +0 dagger
 j - a +0 spear (weapon)
 p - a +0 short sword
 u - a +0 long sword of holy wrath
Armour
 c - a +0 robe
 g - a +0 cloak (worn)
 h - a +0 robe of resistance (worn)
 i - a +0 cloak
 o - a +0 ring mail
Jewellery
 x - a +6 ring of intelligence (left hand)
Scrolls
 b - 6 scrolls of identify {unknown}
 d - a scroll of amnesia {unknown}
 k - 2 scrolls of fear {unknown}
 l - a scroll of noise {unknown}
 s - a scroll of torment {unknown}
 t - a scroll of enchant armour {unknown}
 v - a scroll of magic mapping {unknown}
 y - a scroll of teleportation {unknown}
Potions
 e - a potion of brilliance {unknown}
 f - a potion of attraction {unknown}
 m - a potion of berserk rage {unknown}
 n - a potion of lignification {unknown}
 q - 3 potions of curing {unknown}
 r - 2 potions of mutation {unknown}
 w - 2 potions of magic {unknown}


   Skills:
 - Level 2.1 Dodging
 - Level 1.5 Stealth
 + Level 4.5 Spellcasting


You couldn't memorise any spells.
You knew the following spells:

 Your Spells              Type           Power      Damage    Failure   Level
a - Summon Small Mammal   Summ           100%       N/A       1%          1
b - Call Imp              Summ           27%        N/A       2%          2
c - Call Canine Familiar  Summ           27%        N/A       4%          3
d - Summon Guardian Gole  Hex/Summ       27%        N/A       4%          3
e - Summon Lightning Spi  Summ/Air       27%        N/A       14%         4
f - Shock                 Conj/Air       100%       1d9       1%          1
Your spell library was empty.

Dungeon Overview and Level Annotations

Branches:
Dungeon (3/15)

Altars:
Ashenzari
The Shining One

Annotations:
D:2 1 runed translucent door, Crazy Yiuf
D:3 Grinder, Ijyb


Innate Abilities, Weirdness & Mutations

You are immune to sickness and miasma.
You are immune to poison.
Your flesh is very heat resistant. (rF++)
You are vulnerable to cold. (rC-)
You float through the air rather than walking.
You learn spells naturally, not from books.
Your magical power is your life essence.
You have superior vitality. (+4 MHP)


Message History

You are too injured to fight recklessly!
Casting: Summon Small Mammal (safe; 1% risk of failure)
Press: ? - help, Q - select action, (/) - cycle Dir - look around, f - activate
Okay, then.
Reach: j) +0 spear
Press: ? - help, Dir - move target, f/p - Grinder
Aim: Grinder (heavily wounded, ally target, about 43% to evade your +0 spear)
You could not reach far enough!
Your hound closely misses Grinder.
Grinder hits your crimson imp.
Your crimson imp closely misses Grinder.
Reach: j) +0 spear
Press: ? - help, Dir - move target, f/p - Grinder
Aim: Grinder (moderately wounded, ally target, about 43% to evade your +0 spear)
You could not reach far enough!
Your hound closely misses Grinder.
Grinder gestures at you.
Your crimson imp resists with some effort.
Your hound closely misses Grinder.
Your crimson imp hits Grinder.
Reach: j) +0 spear
Press: ? - help, Dir - move target, f/p - Grinder
Aim: Grinder (heavily wounded, ally target, about 43% to evade your +0 spear)
You reach to attack!
You hit Grinder.
Grinder is heavily wounded.
Your hound misses Grinder. Grinder hits your crimson imp.
Your crimson imp hits Grinder.
Your hound closely misses Grinder.
Reach: j) +0 spear
Press: ? - help, Dir - move target, f/p - Grinder
Aim: Grinder (heavily wounded, ally target, about 43% to evade your +0 spear)
You reach to attack!
You closely miss Grinder.
Grinder is heavily wounded.
Grinder hits your crimson imp.
Your crimson imp dies!
Your crimson imp disappears in a puff of smoke!
Your hound bites Grinder but does no damage.
Reach: j) +0 spear
Press: ? - help, Dir - move target, f/p - Grinder
Aim: Grinder (heavily wounded, ally target, about 43% to evade your +0 spear)
You reach to attack!
You barely miss Grinder.
Grinder is heavily wounded.
Your hound closely misses Grinder.
Grinder hits you!
You die...

#..# # #..#### #
#.....# # #.###.#######
#.# #.# #.......# #.#
#.# #######.## #.# #.#
#...#..# #.#
###.#####...##.#####.#
#.....@5h.).##.....#.##
#.#.#####.....####...#.
#.#.# #...#.####.....
#.g.....#.#
#####.##...##.#
#....####.#
##.#....##.# #... #.#
.>...#####.. #.. ..#
##....# ##.. #. .##
###..###..# #
#######..##..##


You could see Grinder (ally target) and a friendly hound (summoned).

Vanquished Creatures
  An adder (D:3)
  2 hobgoblins (D:1)
  A kobold (D:1)
  A ball python (D:3)
  2 goblins
  A rat (D:1)
8 creatures vanquished.

Vanquished Creatures (collateral kills)
  2 adders (D:3)
  A worm (D:2)
  2 dart slugs
  4 bats
  3 endoplasms
  2 giant cockroaches
  4 goblins
  2 hobgoblins (D:1)
  A ball python (D:1)
  3 frilled lizards
  6 kobolds
  3 rats
33 creatures vanquished.

Vanquished Creatures (others)
  4 demonic plants (D:1)
  A fungus (D:2)
5 creatures vanquished.

Grand Total: 46 creatures vanquished

Notes
Turn   | Place    | Note
-------+----------+-------------------------------------------
     0 | D:1      | jimonade the Djinni Summoner began the quest for the Orb.
     0 | D:1      | jimonade set off with the following spells memorised:
                  | Summon Small Mammal, Call Imp, Call Canine Familiar, Summon
                  | Guardian Golem, Summon Lightning Spire.
     0 | D:1      | Reached XP level 1. HP: 15/15 MP: 0/0
   224 | D:1      | Found a faded altar of an unknown god.
   291 | D:1      | Reached XP level 2. HP: 18/21 MP: 0/0
  1165 | D:1      | Reached XP level 3. HP: 21/25 MP: 0/0
  1165 | D:1      | Learned a level 1 spell: Shock
  1640 | D:2      | Reached skill level 4 in Spellcasting
  2191 | D:2      | Found a runed translucent door.
  2192 | D:2      | Noticed Crazy Yiuf
  2819 | D:3      | Found a broken altar of Ashenzari.
  2890 | D:3      | Found a glowing golden altar of the Shining One.
  2900 | D:3      | Reached XP level 4. HP: 24/31 MP: 0/0
  3126 | D:3      | Noticed Grinder
  3126 | D:3      | Noticed Ijyb
  3126 | D:3      | Paralysed by Grinder for 4 turns
  3182 | D:3      | Slain by Grinder

Illustrated notes

Levels and vault maps discovered:
D:1:      dpeg_arrival_simpleton_b, layout_rooms, shapermc_ecumenical_altar_gd,
          minmay_misc_feat_tiny
D:2:      layout_loops_ring, uniq_crazy_yiuf_cottage
D:3:      layout_rooms, mainiacjoe_overflow_catwalk,
          mainiacjoe_overflow_concentric_impassable,
          ashenzari_conservatory_becter, uniq_grinder, uniq_ijyb

Skill      XL: |  1  2  3 |
---------------+----------+-----
Spellcasting   | 4 |  4.5
Dodging        | |  2.1
Stealth        | |  1.5

Action                   |  1- 3 |  4- 6 || total
-------------------------+-------+-------++-------
Melee: Dagger            |    15 |       ||    15
       Spear             |    25 |     8 ||    33
       Punch             |     1 |       ||     1
 Cast: Summon Small Mamm |    42 |       ||    42
       Call Imp          |    17 |     4 ||    21
       Call Canine Famil |       |     2 ||     2
 Stab: Distracted        |     1 |       ||     1
Armor: Robe              |    11 |       ||    11
Dodge: Dodged            |    24 |       ||    24
